Introsp3ctive, neutral female human Valkyrie ------ ------- |.<..| |.DDDD| ----- |.`. ----- #.....| |DDDD%| |^..| -...| #-....####|.....# |==DDD| #-.[.| |..>| |...| |....|# |DD%DD| ###|...| #-|--- |...| ------# #%D..- ####....| ### |.. # ###-|--- # |...| ### |.. ############### # ----- # -.- # # # # # #### # ### # # # # # # # # ######################## ##### # # # ------.-------- # # -|-.-# -------### |.............| ### ########..%..# |.%.*.-# |.............| # -----# |*.[| |}}}}}|############..............| # |...|# |{..| }.# --------------- ##-....# ----- -- |...| ----- Introsp3ctive the Woman-at-arms Experience level: 12 Strength: 18/06 Dexterity: 15 Constitution: 7 Intelligence: 7 Wisdom: 10 Charisma: 8 Health: 0(92) Energy: 49(49) Def: 30 Gold: 0 Moves: 21574 Dungeon seed: l4Q9spNoqYeZFVWw Game ID: Introsp3ctive_1496622860 Your Inventory: Weapons R - the uncursed rustproof +0 Mjollnir (weapon in hand) Armor b - a blessed +1 orcish helm (being worn) c - an uncursed +0 pair of elven boots (being worn) e - an uncursed +3 small shield (being worn) i - a blessed +4 pair of leather gloves (being worn) q - an uncursed +0 elven mithril-coat (being worn) Y - an uncursed +0 cloak of displacement (being worn) Scrolls K - a blessed scroll of teleportation Potions Z - an uncursed potion of extra healing Rings B - an uncursed +5 ring of protection (on left hand) G - an uncursed ring of conflict (on right hand) Q - a blessed +1 ring of increase damage Tools f - a blessed bag of holding g - an uncursed lock pick j - an uncursed towel z - a blessed -4 unicorn horn Gems n - a blessed luckstone Contents of the bag of holding: 6955 gold pieces 2 uncursed [+0] darts 2 uncursed rusty [+0] darts an uncursed +3 silver spear an uncursed +0 mummy wrapping an uncursed +0 mummy wrapping an uncursed [+0] set of red dragon scales an uncursed C-ration 7 uncursed cream pies 7 uncursed food rations an uncursed lizard corpse named Lizard Suit Larry an uncursed sprig of wolfsbane an uncursed tin [of black unicorn meat] 3 uncursed tripe rations a [uncursed] scroll of blank paper 2 uncursed scrolls of confuse monster a blessed scroll of create monster an uncursed scroll of create monster a cursed scroll of destroy armor an uncursed scroll of enchant weapon a blessed scroll of fire 3 uncursed scrolls of fire a cursed scroll of fire an uncursed scroll of genocide an uncursed scroll of remove curse 2 blessed scrolls of teleportation an uncursed scroll of teleportation an uncursed spellbook of healing an uncursed spellbook of wizard lock an uncursed potion of blindness an uncursed potion of gain level 6 potions of holy water 2 uncursed potions of object detection a [cursed] potion of oil an uncursed potion of restore ability an uncursed potion of sickness an uncursed potion of speed an uncursed ring of fire resistance an uncursed ring of fire resistance an uncursed ring of fire resistance an uncursed ring of fire resistance an uncursed ring of fire resistance an uncursed ring of fire resistance an uncursed ring of fire resistance an uncursed ring of fire resistance an uncursed ring of free action an uncursed [-1] ring of gain constitution an uncursed ring of levitation an uncursed ring of polymorph control an uncursed ring of shock resistance an uncursed ring of slow digestion an uncursed ring of teleport control an uncursed ring of teleportation a cursed ring of teleportation an uncursed ring of warning an uncursed wand of cold [0:4] an uncursed wand of digging [0:4] an uncursed wand of digging [0:3] an uncursed wand of digging [0:5] an uncursed wand of enlightenment [0:10] an uncursed wand of light [0:15] an uncursed wand of locking (0:4) an uncursed wand of make invisible [0:8] an uncursed wand of sleep (0:0) an uncursed wand of sleep [0:1] an uncursed wand of striking (0:0) an uncursed wand of striking (0:0) an uncursed wand of striking (0:0) an uncursed wand of teleportation [0:6] an uncursed wand of undead turning [0:5] an uncursed brass lantern [0:1114] an uncursed expensive camera [0:69] an uncursed [+0] pick-axe an uncursed sack an uncursed [+0] unicorn horn 3 uncursed garnets 5 uncursed rubies an uncursed worthless piece of black glass 2 uncursed worthless pieces of blue glass 9 uncursed worthless pieces of red glass a [uncursed] worthless piece of white glass Spells and supernatural/magical abilities: Name Level Category Fail Memory W - pray for help -- divine ? -- Your skills at the end: Miscellaneous Skills shield [Expert] wands [Skilled] stealth [Basic] Weapon Skills dagger [Basic] hammer [Skilled] spear [Skilled] Spellcasting Skills Final Attributes: You were stridently aligned. You were cold resistant. You were sleep resistant. You were poison resistant. Your writing hand was thoroughly cramped from overuse. You were invisible. You were displaced. You were stealthy. You caused conflict. You could fly. You were protected. You were fast. You were lucky. You had extra luck. Good luck did not time out for you. You are dead (2nd time!). Vanquished creatures: an elder red dragon a red dragon a green dragon 5 young green dragons 15 baby red dragons a shopkeeper a clay golem a nurse 2 ghosts a lieutenant 3 giant mimics a doppelganger a large mimic a wumpus a baby long worm a long worm 2 couatls 2 stalkers 2 elf-lords 2 water demons a warg 3 quantum mechanics 2 small mimics an island nymph an ogre lord a freezing sphere 3 flaming spheres 2 shocking spheres a large cat a tiger a gargoyle a dwarf king 2 tengu an ochre jelly 2 crocodiles 2 chameleons 2 leocrottas a mountain centaur 2 giants an elf mummy 2 human mummies a red naga 2 Grey-elves a pit viper a python 2 cobras a wraith 2 leather golems a soldier 6 giant beetles a cockatrice a wolf 6 winter wolf cubs 3 lynxes 2 panthers 3 gremlins a leprechaun 2 quivering blobs a spotted jelly 2 lizards 2 orc-captains 3 giant spiders a scorpion 3 iron piercers a horse a gnome king 3 orc mummies 2 dwarf mummies a Green-elf 2 rust monsters 3 owlbears 2 gold golems 3 piranhas 3 giant eels a dog 4 dingos 4 housecats a jaguar 2 dwarf lords 2 water nymphs 2 white unicorns a gray unicorn 3 dust vortices 2 ravens 2 plains centaurs a Kop Kaptain 2 gnome mummies 4 Woodland-elves 2 snakes 4 water moccasins an ape a human zombie a rope golem 6 soldier ants 2 fire ants 4 bugbears a baby crocodile 2 wood nymphs 28 Mordor orcs 5 Uruk-hai 13 orc shamans 2 rock moles 2 rock piercers a pony 2 fog clouds a shrieker 5 violet fungi 16 gnome lords 4 gnomish wizards 2 Kop Lieutenants 3 kobold mummies a gray ooze 2 barrow wights 6 elf zombies 3 ghouls 3 paper golems a jellyfish a giant ant 3 puppies 6 floating eyes 3 kittens 21 dwarves 4 homunculi 2 kobold lords 3 kobold shamans 7 iguanas 15 hill orcs 3 rothes 5 jitterbugs 2 giant bats 14 Kop Sergeants 3 orc zombies 4 dwarf zombies 2 wererats a werejackal 9 killer bees 6 coyotes 2 gas spores 7 hobbits 4 acid blobs 3 large kobolds 13 geckos 12 hobgoblins 17 giant rats 9 cave spiders 5 brown molds 3 yellow molds 4 green molds a red mold 47 gnomes 45 Keystone Kops 7 garter snakes 5 manes 5 gnome zombies 13 jackals 4 foxes 4 kobolds 9 newts 14 goblins 7 sewer rats 8 grid bugs 4 bats 7 lichens 2 kobold zombies 677 creatures vanquished. Voluntary challenges: You did not have reflection. You had been an atheist until turn 2400. You used a wielded weapon 1085 times, starting on turn 4. You read items or engraved 43 times, starting on turn 1023. You never genocided any monsters. You never polymorphed an object. You never changed form. You cheated 6 times but completed Sokoban on turn 6726. You used no wishes. You never split a pudding. You wrote Elbereth's name 17 times, starting on turn 1023. You violated your moral code, losing 7 points of alignment, starting on turn 12146. Dungeon overview: The Dungeons of Doom: levels 1 to 24 Level 1 a fountain a long staircase Level 2 some fountains stairs to The Gnomish Mines Level 3 some fountains Level 4 Level 5 Level 6 Level 7 stairs to Sokoban Level 8 (Aligned Altar) an altar to Odin Level 9 Level 10 a temple to Loki, a fountain Level 11 Level 12 Level 13 a jewelry store Level 14 Level 15 Level 16 Level 17 Level 18 a temple to Tyr Level 19 a fountain Level 20 some fountains Level 21 some fountains Level 22 <- You were here a fountain Level 23 an altar to Tyr, a fountain Level 24 The Gnomish Mines: levels 3 to 10 Level 3 stairs to The Dungeons of Doom Level 4 Level 5 many shops, a temple to Tyr, a magic chest, some trees Level 6 Level 7 Level 8 Level 9 Level 10 many altars to Moloch, a magic chest, some fountains Sokoban: levels 3 to 6 Level 3 a magic chest Level 4 Level 5 Level 6 an altar to Odin, a magic chest stairs to The Dungeons of Doom History has recorded: On T:1 you entered the Dungeons of Doom to retrieve the Amulet of Yendor! On T:372 you reached level 2 of The Dungeons of Doom. On T:546 you reached level 1 of The Gnomish Mines. On T:585 you advanced to experience level 2. On T:667 you reached level 3 of The Dungeons of Doom. On T:992 you reached level 4 of The Dungeons of Doom. On T:1011 you reached level 5 of The Dungeons of Doom. On T:1075 you advanced to experience level 3. On T:1653 you advanced to experience level 4. On T:1817 you reached level 6 of The Dungeons of Doom. On T:2119 you advanced to experience level 5. On T:2152 you reached level 7 of The Dungeons of Doom. On T:2168 you reached level 8 of The Dungeons of Doom. On T:2400 you prayed to Odin. On T:2532 you reached level 4 of Sokoban. On T:2546 you opened a magic chest. On T:3197 you reached level 3 of Sokoban. On T:3240 you advanced to experience level 6. On T:4145 you advanced to experience level 7. On T:4182 you reached level 2 of Sokoban. On T:4944 you reached level 1 of Sokoban. On T:6726 you entered the Sokoban zoo. On T:7014 you advanced to experience level 8. On T:8113 you reached level 2 of The Gnomish Mines. On T:8341 you reached level 3 of The Gnomish Mines. On T:8367 you reached level 4 of The Gnomish Mines. On T:8677 you entered the Minetown temple On T:8973 you reached level 5 of The Gnomish Mines. On T:9400 you reached level 6 of The Gnomish Mines. On T:9405 you reached level 7 of The Gnomish Mines. On T:9964 you advanced to experience level 9. On T:10187 you reached level 8 of The Gnomish Mines. On T:10187 you reached the bottom of the Mines. On T:12902 you reached level 9 of The Dungeons of Doom. On T:13375 you reached level 10 of The Dungeons of Doom. On T:13760 you reached level 11 of The Dungeons of Doom. On T:13860 you reached level 12 of The Dungeons of Doom. On T:14098 you advanced to experience level 10. On T:14498 you received Mjollnir from Odin. On T:14837 you reached level 13 of The Dungeons of Doom. On T:15370 you were saved from death by your amulet of life saving! On T:15438 you reached level 14 of The Dungeons of Doom. On T:15861 you reached level 15 of The Dungeons of Doom. On T:15861 you entered the Rogue tribute level. On T:16603 you advanced to experience level 11. On T:16783 you advanced to experience level 12. On T:18431 you reached level 16 of The Dungeons of Doom. On T:18665 you reached level 17 of The Dungeons of Doom. On T:19078 you reached level 18 of The Dungeons of Doom. On T:19790 you reached level 19 of The Dungeons of Doom. On T:19811 you reached level 20 of The Dungeons of Doom. On T:20345 you reached level 21 of The Dungeons of Doom. On T:20736 you reached level 22 of The Dungeons of Doom. On T:21088 you reached level 23 of The Dungeons of Doom. On T:21324 you reached level 24 of The Dungeons of Doom. Score breakdown: Gold: 6955 ( 695 points) Experience: 12 levels ( 1100 points) Exploration: 24 levels ( 690 points) Discoveries: 79 items ( 2000 points) Variety of kills: 164 monsters ( 2000 points) Major goal: Sokoban/Mines ( 1500 points) Survival: died (score multiplied by 3) Total score: 23955 Latest messages: The young green dragon bites the young green dragon. The young green dragon misses the young green dragon. The young green dragon claws the young green dragon. The young green dragon bites the young green dragon. The young green dragon misses the young green dragon. (2x) The young green dragon bites the young green dragon. The young green dragon misses the young green dragon. The young green dragon claws the young green dragon. The young green dragon is killed! The young green dragon misses the young green dragon. The young green dragon claws the young green dragon. (2x) The young green dragon misses the young green dragon. The young green dragon claws the young green dragon. (2x) The green dragon breathes poison gas! The blast of poison gas hits the young green dragon. (2x) The ancient green dragon bites! The ancient green dragon claws you! (2x) The ancient green dragon picks up a hexagonal amulet. The ancient green dragon bites! You die... The sack is empty. The sack is empty. Final status: Farvel Introsp3ctive the Valkyrie, killed by an ancient green dragon... You died in The Dungeons of Doom on dungeon level 22 with 23955 points, and 6955 pieces of gold, after 21574 moves. You were level 12 with a maximum of 92 hit points when you died.